 Dungeon Crawl Stone Soup version 0.28-a0-674-gdaf460b524 (webtiles) character file.

Game seed: 1779769398465018583

4914 quinnr the Zephyrmancer (level 10, -8/59 HPs)
             Began as a Tengu Air Elementalist on Oct 17, 2021.
             Was an Initiate of Vehumet.
             Mangled by a boulder beetle (45 damage)
             ... on level 9 of the Dungeon.
             The game lasted 00:19:08 (12286 turns).

quinnr the Zephyrmancer (Tengu Air Elementalist)   Turns: 12286, Time: 00:19:09

Health: -8/59      AC:  8    Str:  9    XL:     10   Next: 51%
Magic:  3/23       EV: 18    Int: 25    God:    Vehumet [......]
Gold:   426        SH:  5    Dex: 14    Spells: 20/25 levels left

rFire   . . .      SeeInvis .   v - staff of poison
rCold   . . .      Faith    .   (no shield)
rNeg    . . .      Spirit   .   a - +0 robe
rPois   +          Reflect  +   (helmet restricted)
rElec   .          Harm     .   z - +0 cloak
rCorr   .          Rampage  .   G - +0 pair of gloves
Will    .....                   (boots unavailable)
Stlth   +++.......              e - amulet of reflection
HPRegen 0.19/turn               F - +4 ring of protection
MPRegen 0.18/turn               y - +6 ring of intelligence

@: flying quickly and evasively, quick
A: beak, talons 3, nimble flight
a: Renounce Religion


You were on level 9 of the Dungeon.
You worshipped Vehumet.
Vehumet was noncommittal.
You visited 2 branches of the dungeon, and saw 10 of its levels.

You collected 462 gold pieces.
You spent 36 gold pieces at shops.

Inventory:

Hand Weapons
 g - a +2 dagger of venom
 q - the +7 spear "Xyihael" {flame, Will++}
   (You found it on level 5 of the Dungeon)

   It burns those it strikes, dealing additional fire damage.
   Will:      It greatly increases your willpower.
 B - the +3 rapier of the Wasteland {vorpal, *Rage *Corrode rElec Dex+8}
   (You found it on level 8 of the Dungeon)

   It inflicts extra damage upon your enemies.
   Dex:       It affects your dexterity (+8).
   rElec:     It insulates you from electricity.
   *Rage:     It berserks you when you make melee attacks (+20% chance).
   *Corrode:  It may corrode you when you take damage.
Armour
 a - a +0 robe (worn)
 w - a scarf of shadows
 z - a +0 cloak (worn)
 G - a +0 pair of gloves (worn)
Magical Staves
 c - a staff of earth
 v - a staff of poison (weapon)
Jewellery
 e - an amulet of reflection (around neck)
 k - a +4 ring of evasion
 y - a +6 ring of intelligence (right hand)
 C - a ring of positive energy
 F - a +4 ring of protection (left hand)
Wands
 r - a wand of charming (13)
 D - a wand of acid (2)
 E - a wand of iceblast (5)
 H - a wand of mindburst (11)
Scrolls
 d - a scroll of amnesia
 h - 3 scrolls of immolation
 i - 2 scrolls of silence
 j - 3 scrolls of noise
 l - a scroll of enchant weapon {unknown}
 m - a scroll of holy word {unknown}
 t - a scroll of fog {unknown}
 A - a scroll of acquirement {unknown}
Potions
 b - a potion of might
 f - a potion of curing
 n - a potion of lignification
 o - a potion of cancellation {unknown}
 p - a potion of invisibility
 s - a potion of haste {unknown}
 u - a potion of mutation
 x - a potion of heal wounds


   Skills:
 - Level 5.0 Fighting
 - Level 1.0 Short Blades
 + Level 7.3 Dodging
 - Level 6.0 Stealth
 - Level 8.0 Spellcasting
 - Level 5.0 Conjurations
 - Level 10.0 Air Magic
 + Level 1.2 Evocations


You had 20 spell levels left.
You knew the following spells:

 Your Spells              Type           Power      Damage    Failure   Level
a - Shock                 Conj/Air       100%       1d9       1%          1
b - Airstrike             Air            28%        N/A       1%          4

Your spell library contained the following spells:

 Spells                   Type           Power      Damage    Failure   Level
 Static Discharge         Conj/Air       47%        N/A       1%          2
 Swiftness                Air            56%        N/A       1%          3


Dungeon Overview and Level Annotations

Branches:
Dungeon (9/15)             Temple (1/1) D:7
   Lair: D:8-11         Orc: D:9-12

Altars:
Ashenzari
Cheibriados
Elyvilon
Fedhas
Gozag
Hepliaklqana
Kikubaaqudgha
Makhleb
Nemelex Xobeh
Qazlal
Ru
Trog
Uskayaw
Vehumet
Wu Jian
Xom
Yredelemnul
Zin
The Shining One

Shops:
D:4 **

Annotations:
D:3 3 runed translucent doors, timneilson's ghost, weakling GrFi
D:6 2 transporters


Innate Abilities, Weirdness & Mutations

You have a beak for a mouth.
You have claws for feet.
Your magical nature lets you fly swiftly and evasively.


Message History

Aiming: Airstrike (dangerous; 1% risk of failure)
Press: ? - help, Dir - move target, f/p - boulder beetle
Aim: a boulder beetle (moderately wounded, empty space bonus: 3/8)
The air twists around and strikes the boulder beetle!
The boulder beetle is heavily wounded.
The boulder beetle leaps!
Unknown command.
Casting: Airstrike (dangerous; 1% risk of failure)
Confirm with . or Enter, or press ? or * to list all spells.
Aiming: Airstrike (dangerous; 1% risk of failure)
Press: ? - help, Dir - move target, f/p - boulder beetle
Aim: a boulder beetle (heavily wounded, empty space bonus: 8/8)
The air twists around and strikes the boulder beetle!
The boulder beetle is severely wounded.
The boulder beetle curls into a ball and begins rolling!
Unknown command.
Casting: Airstrike (dangerous; 1% risk of failure)
Confirm with . or Enter, or press ? or * to list all spells.
Aiming: Airstrike (dangerous; 1% risk of failure)
Press: ? - help, Dir - move target, f/p - boulder beetle
Aim: a boulder beetle (severely wounded, rolling, empty space bonus: 8/8)
The air twists around and strikes the boulder beetle.
The boulder beetle is severely wounded.
Unknown command.
Casting: Airstrike (dangerous; 1% risk of failure)
Confirm with . or Enter, or press ? or * to list all spells.
Aiming: Airstrike (dangerous; 1% risk of failure)
Press: ? - help, Dir - move target, f/p - boulder beetle
Aim: a boulder beetle (severely wounded, rolling, empty space bonus: 8/8)
The air twists around and strikes the boulder beetle.
The boulder beetle is severely wounded.
Unknown command.
Aiming: Corrosive Bolt
Press: ? - help, Shift-Dir - straight line, f/p - boulder beetle
Aim: a boulder beetle (severely wounded, rolling, 100% to hit)
The bolt of acid hits the boulder beetle but does no damage.
The boulder beetle is severely wounded.
The boulder beetle hits you!!!
Ouch! That really hurt!
You die...

.# ##.## #..#.# #.#
#.###.## .# #.# #..#°#
#.# #.# #.# ## #.#
#..#B# #.###)###.# #[#
#..#.####.##...##.# #.#
#......).)##...##.####
#..
...#.###..........##.##
### #[#○#
#......).......#
#.#.#####°°..)..###.##
#....@B○○....)### #.#
###.###.###...# #.# #.#
#.# ##### #.## #.# #
#... #.# #### #.###.#
#..##.# ##.##.# #.##.#


You could see a boulder beetle (rolling).

Vanquished Creatures
  2 two-headed ogres (D:8)
  Maurice (D:8)
  2 hornets
  A wyvern (D:8)
  An ice beast (D:5)
  An orc warrior (D:8)
  A black bear (D:4)
  A sky beast (D:5)
  3 necrophages
  2 ogres (D:5)
  A centaur (D:5)
  A phantom (D:5)
  A kobold brigand (D:9)
  4 bullfrogs
  2 scorpions (D:5)
  3 killer bees (D:9)
  A water moccasin skeleton (D:5)
  4 howler monkeys
  A centaur zombie (D:9)
  6 hounds
  2 gnoll shamans
  4 jellies
  Crazy Yiuf (D:7)
  A centaur skeleton (D:7)
  3 orc priests
  A bullfrog skeleton (D:5)
  4 orc wizards
  A scorpion zombie (D:5)
  Jessica (D:3)
  3 iguanas
  12 gnolls
  A howler monkey skeleton (D:7)
  5 adders
  4 ufetubi
  An adder skeleton (D:4)
  A worm (D:3)
  6 dart slugs
  29 orcs
  3 ball pythons
  7 bats
  4 endoplasms
  6 giant cockroaches
  7 goblins
  5 hobgoblins
  5 jackals
  5 quokkas
  4 frilled lizards
  11 kobolds
  7 rats
183 creatures vanquished.

Vanquished Creatures (collateral kills)
  2 orcs (D:8)
2 creatures vanquished.

Vanquished Creatures (others)
  A fungus (D:8)
  A plant (D:8)
2 creatures vanquished.

Grand Total: 187 creatures vanquished

Notes
Turn   | Place    | Note
-------+----------+-------------------------------------------
     0 | D:1      | quinnr the Tengu Air Elementalist began the quest for the
                  | Orb.
     0 | D:1      | Reached XP level 1. HP: 10/10 MP: 4/4
   227 | D:1      | Reached XP level 2. HP: 15/15 MP: 0/6
   758 | D:1      | Found a faded altar of an unknown god.
  1066 | D:2      | Reached XP level 3. HP: 19/19 MP: 2/7
  1691 | D:2      | Found an ornate altar of the Wu Jian Council.
  1853 | D:2      | Reached skill level 1 in Short Blades
  1853 | D:2      | Reached skill level 5 in Air Magic
  1950 | D:3      | Noticed timneilson's ghost (weakling GrFi)
  1950 | D:3      | Found a runed translucent gate.
  1950 | D:3      | Found a runed translucent gate.
  1950 | D:3      | Found a runed translucent gate.
  2091 | D:3      | Reached XP level 4. HP: 13/24 MP: 3/9
  2247 | D:3      | Learned a level 4 spell: Airstrike
  2645 | D:3      | Reached skill level 1 in Fighting
  2761 | D:3      | Reached skill level 6 in Air Magic
  2788 | D:3      | Found a white marble altar of Elyvilon.
  2818 | D:3      | Gained mutation: Your magical nature lets you fly swiftly
                  | and evasively. [Tengu growth]
  2818 | D:3      | Reached XP level 5. HP: 29/29 MP: 4/10
  2991 | D:3      | Noticed Jessica
  3006 | D:3      | Killed Jessica
  3053 | D:3      | Reached skill level 7 in Air Magic
  3646 | D:4      | Noticed a black bear
  3651 | D:4      | Killed a black bear
  3652 | D:4      | Reached skill level 8 in Air Magic
  3652 | D:4      | Reached XP level 6. HP: 33/34 MP: 0/11
  4225 | D:4      | Noticed a necrophage
  4230 | D:4      | Killed a necrophage
  4231 | D:4      | Reached XP level 7. HP: 39/39 MP: 2/12
  4364 | D:4      | Reached skill level 9 in Air Magic
  4739 | D:4      | Found a hazy altar of Hepliaklqana.
  4788 | D:4      | Found Reeroet's General Store.
  4790 | D:4      | Found Loehyoh's Specific Store.
  4796 | D:4      | Bought a potion of lignification for 36 gold pieces
  4821 | D:5      | Entered Level 5 of the Dungeon
  5209 | D:5      | Reached skill level 5 in Spellcasting
  5330 | D:5      | Reached XP level 8. HP: 39/44 MP: 10/16
  5339 | D:5      | Identified the +7 spear "Xyihael" {flame, Will++}
  6053 | D:5      | Reached skill level 5 in Dodging
  6300 | D:6      | Found a glowing silver altar of Zin.
  6787 | D:5      | Reached skill level 10 in Air Magic
  7295 | D:6      | Reached XP level 9. HP: 52/52 MP: 12/17
  7376 | D:6      | Found a transporter.
  7483 | D:6      | Found a transporter.
  7802 | D:6      | Reached skill level 5 in Conjurations
  8305 | D:7      | Found a shimmering altar of Xom.
  8368 | D:7      | Found a runed translucent door.
  8369 | D:7      | Noticed Crazy Yiuf
  8398 | D:7      | Found a staircase to the Ecumenical Temple.
  8446 | Temple   | Entered the Ecumenical Temple
  8531 | Temple   | Became a worshipper of Vehumet
  9198 | D:7      | Found a basalt altar of Yredelemnul.
  9333 | D:7      | Killed Crazy Yiuf
  9891 | D:8      | Noticed a hornet
  9896 | D:8      | Killed a hornet
 10034 | D:8      | Identified the +3 rapier of the Wasteland {vorpal, *Rage
                  | *Corrode rElec Dex+8}
 10126 | D:8      | Noticed a two-headed ogre
 10200 | D:8      | Noticed Maurice
 10404 | D:8      | Killed Maurice
 10584 | D:8      | Found a broken altar of Ashenzari.
 10588 | D:8      | Saw a vision of the Swamp and the Snake Pit.
 10588 | D:8      | Noticed an anaconda
 10588 | D:8      | Noticed a naga mage
 10588 | D:8      | Noticed a black mamba
 10588 | D:8      | Noticed a naga sharpshooter
 10588 | D:8      | Noticed a black mamba
 10588 | D:8      | Noticed an anaconda
 10588 | D:8      | Noticed a naga mage
 10588 | D:8      | Noticed a goliath frog
 10588 | D:8      | Noticed an alligator
 10588 | D:8      | Noticed an anaconda
 10642 | D:8      | Noticed a two-headed ogre
 10647 | D:8      | Killed a two-headed ogre
 10648 | D:8      | Reached skill level 5 in Fighting
 10648 | D:8      | Reached XP level 10. HP: 21/59 MP: 2/23
 11171 | D:8      | Killed a two-headed ogre
 11172 | D:8      | Reached skill level 5 in Stealth
 12055 | D:9      | Paralysed by a hornet for 2 turns
 12058 | D:9      | Paralysed by a hornet for 1 turns
 12060 | D:9      | Reached skill level 1 in Evocations
 12274 | D:9      | Noticed a boulder beetle
 12286 | D:9      | Mangled by a boulder beetle

Illustrated notes

Levels and vault maps discovered:
D:1:      minmay_arrival_radiant_lines, layout_basic, basic_ecumenical_altar
D:2:      layout_rooms, basic_altar
D:3:      layout_basic, elyvilon_altar_1, gammafunk_ghost_split,
          minmay_circle_x, uniq_jessica
D:4:      cheibrodos_helix_gallery, layout_cave_pools, lemuel_tele_altar,
          chequers_mini_garden, nicolae_specific_store
D:5:      kennysheep_spiral_hall, layout_cave_pools
D:6:      layout_loops_ring, zin_scriptorium, gammafunk_ghost_abyssal_escape,
          kennysheep_another_room, supply_closet_lemuel
D:7:      layout_layer_cave, mainiacjoe_overflow_small_starburst,
          lemuel_crystal_altar, minmay_temple_entry_poolview,
          uniq_crazy_yiuf_cottage
D:8:      layout_layer_cave, grunt_ashenzari_visionary
          [grunt_ashenzari_visionary_swamp, grunt_ashenzari_visionary_snake],
          uniq_maurice
D:9:      layout_loops_ring, serial_park_tiny_1
Temple:   regret_index_temple_waves

Skill      XL: |  1  2  3  4  5  6  7  8  9 10 |
---------------+-------------------------------+-----
Short Blades   | 1 |  1.0
Air Magic      | 5 6 8 9 10 | 10.0
Spellcasting   | 3 5 8 |  8.0
Fighting       | 1 2 4 5 |  5.0
Conjurations   | 2 3 5 |  5.0
Dodging        | 5 6 7 |  7.3
Stealth        | 3 4 6 |  6.0
Evocations     | 1 |  1.2

Action                   |  1- 3 |  4- 6 |  7- 9 | 10-12 || total
-------------------------+-------+-------+-------+-------++-------
Melee: Unarmed           |     6 |       |       |       ||     6
       Peck              |     2 |       |       |       ||     2
       Kick              |     1 |       |     2 |       ||     3
       Dagger            |       |     4 |     7 |       ||    11
 Cast: Shock             |    91 |   111 |   237 |    68 ||   507
       Airstrike         |       |     5 |    48 |    12 ||    65
Evoke: Wand              |       |       |     1 |     2 ||     3
  Use: Scroll            |       |     6 |     5 |       ||    11
       Potion            |       |     1 |       |       ||     1
Armor: Robe              |     2 |     2 |     1 |     2 ||     7
Dodge: Dodged            |    11 |    10 |    52 |    12 ||    85
Block: Other             |     1 |     4 |    14 |     2 ||    21
       Reflection        |       |       |       |     1 ||     1

Table legend: (Time is in decaauts)
 A = Elapsed time spent in this place.
 B = Non-inter-level travel time spent in this place.
 C = Inter-level travel time spent in this place.
 D = Time resting spent in this place.
 E = Time spent auto-exploring this place.
 F = Levels seen in this place.
 G = Mean time per level.
                   A        B        C        D        E       F      G
               +--------+--------+--------+--------+--------+-----+--------+
         Total |  11834 |  11527 |    307 |   1870 |   8267 |  10 | 1183.4 |
       Dungeon |  11733 |  11451 |    282 |   1870 |   8210 |   9 | 1303.7 |
        Temple |    101 |     76 |     25 |      0 |     56 |   1 |  101.0 |
               +--------+--------+--------+--------+--------+-----+--------+

Top non-repeatable levels by time:
     D:3: 1915 daAuts
     D:7: 1620 daAuts
     D:5: 1552 daAuts
     D:8: 1500 daAuts
     D:6: 1227 daAuts
     D:4: 1130 daAuts
     D:1: 1058 daAuts
     D:2: 890 daAuts
     D:9: 835 daAuts
  Temple: 101 daAuts
